 Dungeon Crawl Stone Soup version 0.23.1-38-g628c18f423 (webtiles) character file.

Game seed: 5840870032228971790

63 Devinter the Sneak (level 4, 0/24 HPs)
             Began as a Kobold Enchanter on Mar 27, 2019.
             Was an Initiate of Ru.
             Slain by an iron imp (7 damage)
             ... summoned by Natasha
             ... on level 2 of the Dungeon on Mar 28, 2019.
             The game lasted 00:12:33 (1975 turns).

Devinter the Sneak (Kobold Enchanter)               Turns: 1975, Time: 00:12:33

Health: 0/24       AC:  3    Str:  5    XL:     4   Next: 30%
Magic:  0/8        EV: 16    Int: 16    God:    Ru [......]
Gold:   49         SH:  0    Dex: 16    Spells: 2/8 levels left

rFire    . . .     SeeInvis .   a - +1 dagger
rCold    . . .     Gourm    .   (shield restricted)
rNeg     . . .     Faith    .   i - +0 robe (curse)
rPois    .         Spirit   .   (no helmet)
rElec    .         Reflect  .   (no cloak)
rCorr    .         Harm     .   p - +0 pair of gloves
MR       .....                  (no boots)
Stlth    +++.......             (no amulet)
HPRegen  0.08/turn              (no ring)
MPRegen  0.11/turn              (no ring)

@: no status effects
A: small, carnivore
a: Renounce Religion


You were on level 2 of the Dungeon.
You worshipped Ru.
Ru was noncommittal.
You were full.

You visited 1 branch of the dungeon, and saw 2 of its levels.

You collected 49 gold pieces.

Inventory:

Hand Weapons
 a - a +1 dagger (weapon)
Missiles
 f - 80 arrows
 g - 16 bolts
Armour
 i - a cursed +0 robe (worn)
 p - a +0 pair of gloves (worn)
Scrolls
 e - 2 scrolls of identify {unknown}
 j - a scroll of remove curse {unknown}
 k - 2 scrolls of enchant weapon {unknown}
 m - a scroll of fog {unknown}
 n - a scroll of teleportation {unknown}
Potions
 h - a potion of lignification {unknown}
 l - 3 potions of curing {unknown}
 o - a potion of haste {unknown}
Comestibles
 d - 5 rations


   Skills:
 + Level 0.0 Fighting
 + Level 2.4 Short Blades
 + Level 3.1 Dodging
 + Level 4.6 Stealth
 + Level 2.7 Spellcasting
 + Level 3.4 Hexes


You had 2 spell levels left.
You knew the following spells:

 Your Spells              Type           Power        Failure   Level  Hunger
a - Ensorcelled Hibernat  Hex/Ice        #.....       14%         2    ##.....
b - Corona                Hex            ##.....      4%          1    #......
c - Confuse               Hex            ##......     14%         3    ###....

Your spell library contained the following spells:

 Spells                   Type           Power        Failure   Level  Hunger
 Tukima's Dance           Hex            ##......     14%         3    ###....
 Dazzling Spray           Conj/Hex       #.....       28%         3    ###....


Dungeon Overview and Level Annotations

Branches:
Dungeon (2/15)

Altars:
Elyvilon
Makhleb
Ru
Yredelemnul

Annotations:
D:2 Natasha


Innate Abilities, Weirdness & Mutations

You are small and have problems with some larger weapons.
You are carnivorous and can eat meat at any time.


Message History

Natasha resists with some effort.
Natasha closely misses you. The iron imp misses you.
Casting: Ensorcelled Hibernation (safe; 14% risk of failure)
Confirm with . or Enter, or press ? or * to list all spells.
Aiming: Ensorcelled Hibernation (safe; 14% risk of failure)
Press: ? - help, Shift-Dir - straight line, f/p - Natasha
Aim: Natasha (chance to defeat MR: 38%) Natasha resists with some effort.
* * * LOW MAGIC WARNING * * *
Natasha closely misses you. The iron imp hits you!
* * * LOW HITPOINT WARNING * * *
Casting: Ensorcelled Hibernation (safe; 14% risk of failure)
Confirm with . or Enter, or press ? or * to list all spells.
Aiming: Ensorcelled Hibernation (safe; 14% risk of failure)
Press: ? - help, Shift-Dir - straight line, f/p - Natasha
Aim: Natasha (chance to defeat MR: 38%) Natasha resists with some effort.
* * * LOW MAGIC WARNING * * *
Natasha claws you but does no damage. The iron imp hits you!
You die...

#.##...#...#...#...#..##.#.
#...................._##.#.
#..#...#...#...#...#..##.#.
###...................##.#.
######################K#.
########.#.##.# #.#.
#..........##.# ###.#.
#.....h5...##.# #..<#.
#.....@....##.# #.#.#.
#..........##.# #.#.#.
#...........#.# #.....
#.........#.#.# #.....
#.........#.#.# #.....
#.........#.#.# #.....
######.........#.#.####.....
#....'.........#...)........
#.####.........###.#..#.....


You could see an iron imp and Natasha.

Vanquished Creatures
  2 adders (D:2)
  2 worms (D:2)
  2 dart slugs
  A leopard gecko (D:1)
  2 bats (D:2)
  3 giant cockroaches (D:1)
  A goblin (D:1)
  5 hobgoblins (D:1)
  2 jackals (D:2)
  2 quokkas (D:2)
  3 frilled lizards
  4 kobolds
  6 rats
35 creatures vanquished.

Notes
Turn   | Place    | Note
-------+----------+-------------------------------------------
     0 | D:1      | Devinter the Kobold Enchanter began the quest for the Orb.
     0 | D:1      | Reached XP level 1. HP: 10/10 MP: 3/3
   287 | D:1      | Reached XP level 2. HP: 14/15 MP: 5/5
   354 | D:1      | Learned a level 2 spell: Ensorcelled Hibernation
   665 | D:1      | Reached skill level 2 in Short Blades
   676 | D:1      | Reached XP level 3. HP: 18/19 MP: 0/6
   919 | D:2      | Noticed Natasha
  1234 | D:2      | Reached skill level 3 in Dodging
  1314 | D:2      | Reached XP level 4. HP: 22/24 MP: 4/7
  1459 | D:2      | Upgraded the game from 0.23.1-37-gaa34b87b72 to
                  | 0.23.1-38-g628c18f423
  1571 | D:2      | Found a sacrificial altar of Ru.
  1577 | D:2      | Became a worshipper of Ru the Awakened
  1609 | D:2      | Learned a level 3 spell: Confuse
  1689 | D:2      | Found a burning altar of Makhleb.
  1768 | D:2      | Found a basalt altar of Yredelemnul.
  1825 | D:2      | Found a white marble altar of Elyvilon.
  1975 | D:2      | Slain by an iron imp

Skill      XL: |  1  2  3 |
---------------+----------+-----
Short Blades   | 2 |  2.4
Dodging        | 3 |  3.1
Stealth        | |  4.6
Spellcasting   | |  2.7
Hexes          | |  3.4

Action                   |  1- 3 |  4- 6 || total
-------------------------+-------+-------++-------
Melee: Dagger            |    82 |    14 ||    96
 Cast: Corona            |     3 |       ||     3
       Ensorcelled Hiber |    17 |     5 ||    22
 Stab: Sleeping          |    17 |     2 ||    19
  Eat: Chunk             |     8 |     2 ||    10
Armor: Robe              |     9 |     2 ||    11
Dodge: Dodged            |    60 |    16 ||    76
